General information
- name: BNet
- type: Ladder team game (AT/RT)
- host: Battle.net
- saver: DanielCormier
map: Deadlock_LV
- players: 8
- length: 17:40
- speed: Fast
- version: 1.30 W3XP
- replay type: Public
» download(215 KB)
Players
team 1 (loser)
Tax- (
green | 177 APM | 3082 actions | 17:27)
3 Mountain King
1 Storm Bolt
2 Thunder Clap
2 Naga Sea Witch
1 Forked Lightning
1 Frost Arrows
» actions
| Assign group hotkey | 115 | |
| Basic commands | 45 | |
| Build / train | 64 | |
| ESC pressed | 3 | |
| Enter build submenu | 23 | |
| Enter hero's abilities submenu | 5 | |
| Give item / drop item | 1 | |
| Right click | 968 | |
| Select / deselect | 517 | |
| Select group hotkey | 1273 | |
| Use ability | 68 | |
3082 total
» units
| Peasant | 15 | |
| Rifleman | 14 | |
| Priest | 2 | |
| Sorceress | 5 | |
| Spell Breaker | 1 | |
37 total
» upgrades
| Gunpowder | 2 | |
| Armor | 1 | |
| Sorceress Training | 1 | |
| Priest Training | 2 | |
| Long Rifles | 1 | |
| Magic Sentry | 2 | |
9 total
» buildings
| Altar of Kings | 1 | |
| Farm | 9 | |
| Blacksmith | 1 | |
| Barracks | 1 | |
| Keep | 1 | |
| Town Hall | 3 | |
| Lumber Mill | 1 | |
| Arcane Sanctum | 2 | |
| Arcane Vault | 1 | |
| Castle | 1 | |
21 total
» build order
00:04 Altar of Kings
00:07 Farm
00:40 Blacksmith
00:49 Barracks
01:19 Farm
01:59 Farm
03:01 Farm
04:37 Keep
05:40 Town Hall
05:44 Town Hall
06:16 Farm
06:58 Lumber Mill
07:07 Arcane Sanctum
07:11 Arcane Sanctum
08:31 Arcane Vault
08:46 Farm
09:02 Farm
09:23 Farm
13:26 Castle
14:11 Farm
16:28 Town Hall
» items
| Scroll of Town Portal | 2 | |
| Potion of Mana | 1 | |
| Potion of Healing | 2 | |
| Scroll of Healing | 1 | |
| Boots of Speed | 1 | |
| Potion of Lesser Invulnerability | 1 | |
| Periapt of Vitality | 1 | |
9 total
rlourenco (
orange | 53 APM | 914 actions | 17:23)
2 Mountain King
1 Storm Bolt
1 Bash
» actions
| Assign group hotkey | 47 | |
| Basic commands | 73 | |
| Build / train | 52 | |
| Enter build submenu | 23 | |
| Enter hero's abilities submenu | 2 | |
| Remove unit from queue | 1 | |
| Right click | 258 | |
| Select / deselect | 200 | |
| Select group hotkey | 224 | |
| Use ability | 34 | |
914 total
» units
| Peasant | 10 | |
| Footman | 12 | |
| Priest | 4 | |
| Spell Breaker | 3 | |
| Knight | 5 | |
34 total
» upgrades
| Plating | 1 | |
| Animal War Training | 1 | |
| Priest Training | 2 | |
| Swords | 1 | |
5 total
» buildings
| Altar of Kings | 1 | |
| Farm | 8 | |
| Barracks | 2 | |
| Scout Tower | 4 | |
| Arcane Vault | 2 | |
| Arcane Tower | 2 | |
| Lumber Mill | 1 | |
| Guard Tower | 2 | |
| Keep | 1 | |
| Blacksmith | 1 | |
| Castle | 1 | |
| Arcane Sanctum | 1 | |
26 total
» build order
00:19 Altar of Kings
00:23 Farm
00:35 Barracks
01:07 Farm
01:43 Farm
02:00 Scout Tower
02:33 Farm
02:40 Arcane Vault
02:49 Arcane Vault
03:11 Arcane Tower
04:05 Scout Tower
04:08 Lumber Mill
04:13 Scout Tower
04:35 Arcane Tower
05:17 Guard Tower
05:25 Scout Tower
06:05 Guard Tower
06:09 Farm
06:10 Farm
06:11 Farm
06:22 Keep
06:45 Blacksmith
09:19 Castle
09:31 Arcane Sanctum
09:46 Barracks
14:56 Farm
» items
| Lesser Clarity Potion | 1 | |
| Scroll of Regeneration | 2 | |
3 total
TtotheG2005 (
yellow | 57 APM | 1002 actions | 17:40)
3 Archmage
2 Summon Water Elemental
1 Brilliance Aura
2 Paladin
1 Holy Light
1 Divine Shield
» actions
| Assign group hotkey | 26 | |
| Basic commands | 86 | |
| Build / train | 58 | |
| ESC pressed | 3 | |
| Enter build submenu | 26 | |
| Enter hero's abilities submenu | 5 | |
| Right click | 301 | |
| Select / deselect | 221 | |
| Select group hotkey | 229 | |
| Use ability | 47 | |
1002 total
» units
| Peasant | 15 | |
| Footman | 7 | |
| Priest | 8 | |
| Knight | 5 | |
35 total
» upgrades
| Priest Training | 2 | |
| Defend | 1 | |
| Plating | 2 | |
| Swords | 1 | |
| Animal War Training | 1 | |
7 total
» buildings
| Altar of Kings | 1 | |
| Farm | 13 | |
| Barracks | 2 | |
| Scout Tower | 4 | |
| Keep | 1 | |
| Arcane Tower | 2 | |
| Lumber Mill | 1 | |
| Town Hall | 1 | |
| Arcane Sanctum | 1 | |
| Arcane Vault | 1 | |
| Guard Tower | 2 | |
| Blacksmith | 1 | |
| Castle | 1 | |
31 total
» build order
00:12 Altar of Kings
00:39 Farm
00:49 Farm
01:28 Barracks
01:47 Farm
02:25 Farm
03:08 Scout Tower
03:09 Keep
03:13 Farm
04:00 Arcane Tower
04:31 Lumber Mill
04:56 Farm
05:37 Town Hall
05:44 Scout Tower
05:47 Scout Tower
05:57 Arcane Sanctum
06:16 Arcane Vault
06:36 Scout Tower
06:38 Arcane Tower
06:41 Guard Tower
07:06 Guard Tower
07:11 Blacksmith
07:15 Castle
08:42 Barracks
08:47 Farm
10:09 Farm
11:43 Farm
12:05 Farm
12:06 Farm
12:08 Farm
14:02 Farm
» items
| Scroll of Regeneration | 1 | |
| Scroll of Town Portal | 1 | |
2 total
mulan2004 (
purple | 58 APM | 1022 actions | 17:39)
2 Priestess of the Moon
1 Searing Arrows
1 Trueshot Aura
» actions
| Assign group hotkey | 206 | |
| Basic commands | 218 | |
| Build / train | 58 | |
| ESC pressed | 2 | |
| Enter build submenu | 22 | |
| Enter hero's abilities submenu | 2 | |
| Right click | 89 | |
| Select / deselect | 155 | |
| Select group hotkey | 226 | |
| Use ability | 44 | |
1022 total
» units
» upgrades
» buildings
| Altar of Elders | 1 | |
| Moon Well | 7 | |
| Hunter's Hall | 1 | |
| Ancient of War | 2 | |
| Tree of Life | 3 | |
| Tree of Ages | 1 | |
| Ancient Protector | 4 | |
| Tree of Eternity | 1 | |
| Ancient of Wind | 1 | |
21 total
» build order
00:08 Altar of Elders
00:20 Moon Well
01:19 Moon Well
02:23 Moon Well
02:38 Hunter's Hall
03:04 Ancient of War
03:07 Ancient of War
04:19 Moon Well
06:34 Tree of Life
06:39 Moon Well
08:15 Moon Well
09:29 Tree of Ages
11:44 Ancient Protector
11:56 Tree of Eternity
13:01 Ancient of Wind
13:53 Ancient Protector
15:36 Ancient Protector
16:27 Tree of Life
16:35 Tree of Life
16:53 Ancient Protector
17:12 Moon Well
» items
| Scroll of Town Portal | 4 | |
| Potion of Healing | 3 | |
7 total
team 2 (winner)
noobe. (
teal | 78 APM | 1385 actions | 17:40)
4 Death Knight
2 Death Coil
2 Unholy Aura
4 Lich
2 Frost Nova
2 Frost Armor
2 Dreadlord
1 Vampiric Aura
1 Carrion Swarm
» actions
| Assign group hotkey | 22 | |
| Basic commands | 1 | |
| Build / train | 52 | |
| Enter build submenu | 20 | |
| Enter hero's abilities submenu | 11 | |
| Give item / drop item | 4 | |
| Right click | 609 | |
| Select / deselect | 242 | |
| Select group hotkey | 368 | |
| Use ability | 56 | |
1385 total
» units
| Acolyte | 7 | |
| Ghoul | 6 | |
| Crypt Fiend | 5 | |
| Obsidian Statue | 2 | |
| Frost Wyrm | 3 | |
23 total
» upgrades
| Web | 1 | |
| Creature Attack | 1 | |
| Creature Carapace | 1 | |
| Freezing Breath | 1 | |
4 total
» buildings
| Crypt | 1 | |
| Graveyard | 1 | |
| Altar of Darkness | 1 | |
| Ziggurat | 7 | |
| Tomb of Relics | 1 | |
| Nerubian Tower | 2 | |
| Halls of the Dead | 1 | |
| Slaughterhouse | 1 | |
| Black Citadel | 1 | |
| Necropolis | 1 | |
| Sacrificial Pit | 1 | |
| Boneyard | 3 | |
21 total
» build order
00:11 Crypt
00:18 Graveyard
00:43 Altar of Darkness
00:58 Ziggurat
01:24 Tomb of Relics
01:54 Nerubian Tower
02:30 Ziggurat
03:31 Halls of the Dead
03:55 Ziggurat
06:18 Slaughterhouse
08:27 Black Citadel
08:41 Ziggurat
08:43 Ziggurat
09:55 Ziggurat
09:57 Necropolis
09:59 Ziggurat
11:38 Sacrificial Pit
11:52 Nerubian Tower
13:09 Boneyard
13:14 Boneyard
14:14 Boneyard
» items
| Rod of Necromancy | 2 | |
| Potion of Healing | 3 | |
| Potion of Mana | 1 | |
6 total
DanielCormier (
pink | 170 APM | 3011 actions | 17:40)
3 Tauren Chieftain
2 War Stomp
1 Endurance Aura
2 Shadow Hunter
1 Hex
1 Healing Wave
2 Naga Sea Witch
1 Frost Arrows
1 Mana Shield
» actions
| Assign group hotkey | 19 | |
| Basic commands | 165 | |
| Build / train | 54 | |
| Enter build submenu | 16 | |
| Enter hero's abilities submenu | 7 | |
| Give item / drop item | 1 | |
| Right click | 1409 | |
| Select / deselect | 454 | |
| Select group hotkey | 820 | |
| Use ability | 66 | |
3011 total
» units
| Peon | 12 | |
| Troll Headhunter/Berserker | 9 | |
| Shaman | 2 | |
23 total
» upgrades
| Reinforced Defenses | 1 | |
| Troll Regeneration | 1 | |
| Ranged Weapons | 2 | |
| Berserker Upgrade | 1 | |
| Armor | 2 | |
| Shaman Training | 2 | |
9 total
» buildings
| Altar of Storms | 1 | |
| War Mill | 2 | |
| Barracks | 1 | |
| Orc Burrow | 3 | |
| Voodoo Lounge | 1 | |
| Stronghold | 1 | |
| Great Hall | 1 | |
| Fortress | 1 | |
| Watch Tower | 4 | |
| Spirit Lodge | 1 | |
16 total
» build order
00:03 Altar of Storms
00:06 War Mill
00:28 Barracks
01:12 Orc Burrow
01:47 Voodoo Lounge
02:17 Orc Burrow
04:37 Stronghold
05:18 Great Hall
05:26 Orc Burrow
07:46 Fortress
09:19 Watch Tower
09:34 Spirit Lodge
10:58 Watch Tower
13:19 War Mill
13:55 Watch Tower
16:39 Watch Tower
» items
| Healing Salve | 2 | |
| Lesser Clarity Potion | 3 | |
| Scroll of Town Portal | 2 | |
| Potion of Mana | 2 | |
| Orb of Lightning | 1 | |
10 total

»
aznkillah (
red | 39 APM | 689 actions | 17:40)
4 Blood Mage
2 Flame Strike
2 Siphon Mana
» actions
| Assign group hotkey | 27 | |
| Build / train | 47 | |
| Enter build submenu | 14 | |
| Enter hero's abilities submenu | 4 | |
| Remove unit from queue | 2 | |
| Right click | 307 | |
| Select / deselect | 194 | |
| Select group hotkey | 54 | |
| Use ability | 40 | |
689 total
» units
| Peasant | 11 | |
| Footman | 5 | |
| Dragonhawk Rider | 4 | |
| Gryphon Rider | 5 | |
25 total
» upgrades
| Swords | 3 | |
| Lumber Harvesting | 2 | |
| Armor | 3 | |
| Animal War Training | 1 | |
| Cloud | 1 | |
| Storm Hammers | 1 | |
11 total
» buildings
| Altar of Kings | 1 | |
| Farm | 12 | |
| Barracks | 1 | |
| Lumber Mill | 1 | |
| Blacksmith | 1 | |
| Arcane Vault | 1 | |
| Keep | 1 | |
| Town Hall | 1 | |
| Gryphon Aviary | 2 | |
| Castle | 1 | |
22 total
» build order
00:09 Altar of Kings
00:12 Farm
00:49 Barracks
00:54 Farm
01:14 Lumber Mill
01:51 Blacksmith
02:21 Farm
02:23 Farm
02:51 Arcane Vault
04:34 Keep
04:42 Farm
04:44 Farm
04:44 Farm
06:24 Town Hall
06:31 Farm
06:32 Farm
06:33 Farm
07:02 Gryphon Aviary
07:08 Gryphon Aviary
09:04 Castle
12:45 Farm
12:45 Farm
» items
| Healing Salve | 1 | |
| Scroll of Town Portal | 1 | |
2 total

»
solongfarewell (
blue | 36 APM | 640 actions | 17:40)
3 Blademaster
1 Wind Walk
2 Critical Strike
» actions
| Assign group hotkey | 9 | |
| Basic commands | 7 | |
| Build / train | 43 | |
| ESC pressed | 2 | |
| Enter build submenu | 17 | |
| Enter hero's abilities submenu | 4 | |
| Give item / drop item | 2 | |
| Right click | 265 | |
| Select / deselect | 207 | |
| Select group hotkey | 31 | |
| Use ability | 53 | |
640 total
» units
» upgrades
| Spiked Barricades | 3 | |
| Reinforced Defenses | 1 | |
| Liquid Fire | 1 | |
| Ranged Weapons | 2 | |
7 total
» buildings
| Altar of Storms | 1 | |
| Orc Burrow | 5 | |
| Voodoo Lounge | 1 | |
| War Mill | 1 | |
| Watch Tower | 5 | |
| Stronghold | 1 | |
| Beastiary | 2 | |
| Fortress | 1 | |
| Great Hall | 1 | |
18 total
» build order
00:23 Altar of Storms
00:39 Orc Burrow
00:48 Voodoo Lounge
01:15 War Mill
01:34 Orc Burrow
02:03 Orc Burrow
02:28 Watch Tower
02:52 Watch Tower
03:50 Watch Tower
04:38 Watch Tower
05:44 Stronghold
06:13 Orc Burrow
06:19 Watch Tower
07:27 Orc Burrow
08:12 Beastiary
08:32 Beastiary
10:00 Fortress
16:43 Great Hall
» items
| Lesser Clarity Potion | 3 | |
| Healing Salve | 1 | |
| Boots of Speed | 1 | |
| Staff of Teleportation | 1 | |
| Potion of Healing | 1 | |
| Potion of Mana | 2 | |
| Sacrificial Skull | 1 | |
| Sentry Wards | 1 | |
| The Lion Horn of Stormwind | 1 | |
| Potion of Lesser Invulnerability | 1 | |
13 total
Chat log
(00:27 / Allies) aznkillah: dragon hawks then gryfs
(00:31 / Allies) noobe.: 100 anyone?
(00:32 / Allies) noobe.: :)
(00:39 / Allies) noobe.: fiends worms
(04:31 / Allies) aznkillah: come
(08:09 / Allies) aznkillah: pink tp
(09:23 / Allies) aznkillah: wood?>
(09:27 / Allies) solongfarewell: sure
(09:33 / Allies) aznkillah: i need
(09:34 / Allies) solongfarewell: u give?
(09:38 / Allies) solongfarewell: wrong person
(09:40 / Allies) solongfarewell: ne
(10:33 / Allies) noobe.: lum anyone
(11:40 / Allies) aznkillah: wood mw
(13:25 / Allies) aznkillah: omw
(16:09 / Allies) noobe.: b
(16:45 / Allies) aznkillah: need to meet
(16:48 / All) TtotheG2005: purple should kill himself to make the world a better place
(17:24 / All) TtotheG2005: purple tking
(17:30 / All) TtotheG2005: Cause hes terrible
(17:30 / All) noobe.: lol
(17:31 / All) noobe.: gg